[ AOE2 MATCH · #507312266 ]
UnrankedAztecs vs Khmer
Player's team · LOSS
Rival team · WIN
[ REPLAY ANALYSIS · EXTRACTED FROM THE RECORDED GAME ]
Feudal
10:09
Castle
35:27
Imperial
—
| APM avg | 62.7 |
| APM peak | 118 |
| eAPM avg | 34.3 |
| Villagers / military | 59 / 96 |
Focus
⚔️ 43.5% · 🌾 56.5%
Spearman ×27 · Archer ×21 · Eagle Scout ×15 · Skirmisher ×12 · Jaguar Warrior ×8 · Militia ×6
Feudal
8:52
Castle
29:33
Imperial
48:50
| APM avg | 55.9 |
| APM peak | 95 |
| eAPM avg | 21.7 |
| Villagers / military | 98 / 111 |
Focus
⚔️ 35.1% · 🌾 64.9%
Scout Cavalry ×39 · Knight ×27 · Skirmisher ×22 · Archer ×9 · Scorpion ×9 · Trebuchet (Packed) ×3
Match map
Initial resources + every placement click. Lines = walls · curves = elevation contours. ◆ gold · ⬟ stone · ● berries · ✦ relic · ◌ wall gap
Your base· ✓ Closed at 35:27 · 44t walls · 2 gate(s) · fragile
Lukeario23's base· ✓ Closed at 29:33 · 77t walls · fragile
Smoothed initial terrain · ◌ = detected wall gap · hover for details
Inputs per minute
— Philippvs II - - Lukeario23
Build order — Philippvs II
First 150 of 278 actions detected
| 0:03 | Queue | Villager (Male) |
| 0:03 | Queue | Villager (Male) |
| 0:04 | Queue | Villager (Male) |
| 0:05 | Build | House |
| 0:07 | Build | House |
| 0:46 | Queue | Villager (Male) |
| 0:46 | Queue | Villager (Male) |
| 1:25 | Queue | Villager (Male) |
| 1:31 | Build | House |
| 2:02 | Build | Barracks |
| 2:09 | Research | Loom |
| 2:25 | Queue | Villager (Male) |
| 2:59 | Queue | Villager (Male) |
| 2:59 | Queue | Villager (Male) |
| 3:01 | Build | Palisade Wall |
| 3:18 | Build | House |
| 3:23 | Queue | Villager (Male) |
| 3:35 | Queue | Militia |
| 3:53 | Queue | Militia |
| 4:01 | Queue | Villager (Male) |
| 4:21 | Queue | Villager (Male) |
| 4:26 | Queue | Militia |
| 4:41 | Queue | Villager (Male) |
| 4:58 | Queue | Militia |
| 5:09 | Queue | Villager (Male) |
| 5:20 | Queue | Militia |
| 5:31 | Queue | Villager (Male) |
| 5:49 | Queue | Villager (Male) |
| 6:23 | Queue | Villager (Male) |
| 6:50 | Queue | Villager (Male) |
| 6:52 | Build | Lumber Camp |
| 7:08 | Build | Lumber Camp |
| 7:59 | Research | Feudal Age |
| 10:09 | Age | Feudal Age |
| 10:18 | Build | Mining Camp |
| 10:44 | Build | Archery Range |
| 10:59 | Queue | Militia |
| 11:04 | Research | Double-Bit Axe |
| 11:39 | Build | Watch Tower |
| 11:50 | Build | Mill |
| 11:50 | Queue | Villager (Male) |
| 11:55 | Build | House |
| 12:11 | Queue | Villager (Male) |
| 12:12 | Build | House |
| 12:17 | Queue | Archer |
| 12:38 | Build | Watch Tower |
| 12:50 | Queue | Villager (Male) |
| 13:00 | Build | House |
| 13:01 | Queue | Spearman |
| 13:16 | Queue | Skirmisher |
| 13:31 | Build | Watch Tower |
| 13:37 | Queue | Skirmisher |
| 13:44 | Build | Farm |
| 13:44 | Build | Farm |
| 13:45 | Queue | Villager (Male) |
| 14:06 | Queue | Archer |
| 14:29 | Queue | Spearman |
| 14:29 | Queue | Spearman |
| 14:36 | Build | Palisade Wall |
| 14:38 | Build | Palisade Wall |
| 14:45 | Queue | Archer |
| 15:06 | Queue | Skirmisher |
| 15:15 | Queue | Villager (Male) |
| 15:16 | Queue | Eagle Scout |
| 15:19 | Build | Farm |
| 15:22 | Build | Farm |
| 15:22 | Queue | Villager (Male) |
| 15:25 | Build | House |
| 15:35 | Build | Mining Camp |
| 15:35 | Queue | Villager (Male) |
| 15:49 | Queue | Skirmisher |
| 16:10 | Build | Palisade Wall |
| 16:11 | Build | Palisade Wall |
| 16:13 | Queue | Skirmisher |
| 16:17 | Queue | Villager (Male) |
| 16:20 | Build | Farm |
| 16:21 | Queue | Spearman |
| 16:43 | Build | Palisade Wall |
| 16:45 | Build | Palisade Wall |
| 16:58 | Build | Watch Tower |
| 17:03 | Build | Blacksmith |
| 17:04 | Queue | Villager (Male) |
| 17:07 | Build | House |
| 17:32 | Research | Fletching |
| 17:34 | Queue | Eagle Scout |
| 17:36 | Build | House |
| 17:37 | Build | Palisade Wall |
| 18:02 | Queue | Skirmisher |
| 18:03 | Queue | Skirmisher |
| 18:29 | Queue | Skirmisher |
| 18:46 | Build | Archery Range |
| 18:52 | Build | House |
| 19:22 | Research | Padded Archer Armor |
| 19:22 | Queue | Villager (Male) |
| 19:27 | Build | Farm |
| 19:27 | Queue | Villager (Male) |
| 19:32 | Build | Farm |
| 19:50 | Queue | Archer |
| 20:14 | Build | House |
| 21:07 | Build | Palisade Wall |
| 21:08 | Build | Palisade Wall |
| 21:13 | Queue | Archer |
| 21:16 | Queue | Archer |
| 21:17 | Queue | Skirmisher |
| 21:19 | Queue | Villager (Male) |
| 21:21 | Build | Farm |
| 21:31 | Build | Lumber Camp |
| 21:46 | Queue | Archer |
| 21:56 | Queue | Spearman |
| 22:02 | Build | House |
| 22:03 | Build | Palisade Wall |
| 22:07 | Build | Palisade Wall |
| 22:18 | Queue | Archer |
| 22:39 | Queue | Archer |
| 22:47 | Queue | Skirmisher |
| 22:59 | Queue | Archer |
| 23:12 | Queue | Skirmisher |
| 23:17 | Research | Scale Mail Armor |
| 23:19 | Queue | Villager (Male) |
| 23:26 | Queue | Skirmisher |
| 24:11 | Research | Forging |
| 24:12 | Queue | Spearman |
| 24:12 | Queue | Spearman |
| 24:23 | Build | House |
| 24:35 | Queue | Villager (Male) |
| 24:37 | Queue | Eagle Scout |
| 24:50 | Build | Barracks |
| 24:53 | Queue | Archer |
| 25:05 | Queue | Eagle Scout |
| 25:16 | Queue | Villager (Male) |
| 25:17 | Build | Farm |
| 25:17 | Queue | Villager (Male) |
| 25:22 | Build | Farm |
| 25:23 | Research | Gold Mining |
| 26:01 | Build | Barracks |
| 26:03 | Queue | Eagle Scout |
| 26:06 | Build | House |
| 26:07 | Build | Palisade Wall |
| 26:12 | Queue | Villager (Male) |
| 26:17 | Build | Farm |
| 26:20 | Queue | Eagle Scout |
| 26:21 | Queue | Archer |
| 26:35 | Build | House |
| 26:42 | Build | Farm |
| 26:43 | Queue | Villager (Male) |
| 26:51 | Queue | Eagle Scout |
| 26:58 | Queue | Eagle Scout |
| 27:07 | Build | Watch Tower |
| 27:16 | Queue | Eagle Scout |
| 27:19 | Queue | Villager (Male) |
Build order — Lukeario23
First 150 of 351 actions detected
| 0:00 | Queue | Villager (Male) |
| 0:01 | Queue | Villager (Male) |
| 0:01 | Queue | Villager (Male) |
| 0:02 | Build | House |
| 0:04 | Build | House |
| 0:37 | Queue | Villager (Male) |
| 1:26 | Queue | Villager (Male) |
| 1:53 | Build | Lumber Camp |
| 2:04 | Queue | Villager (Male) |
| 2:22 | Queue | Villager (Male) |
| 2:53 | Queue | Villager (Male) |
| 2:53 | Queue | Villager (Male) |
| 3:39 | Queue | Villager (Male) |
| 3:48 | Build | House |
| 3:49 | Build | House |
| 3:59 | Queue | Villager (Male) |
| 3:59 | Queue | Villager (Male) |
| 4:47 | Queue | Villager (Male) |
| 4:55 | Build | Mill |
| 5:17 | Queue | Villager (Male) |
| 5:17 | Queue | Villager (Male) |
| 5:51 | Research | Loom |
| 6:42 | Research | Feudal Age |
| 7:00 | Build | Palisade Wall |
| 7:08 | Build | Palisade Wall |
| 7:34 | Build | Palisade Wall |
| 7:53 | Queue | Villager (Male) |
| 8:39 | Queue | Villager (Male) |
| 8:52 | Age | Feudal Age |
| 9:03 | Queue | Villager (Male) |
| 9:21 | Build | Palisade Wall |
| 9:23 | Build | Palisade Wall |
| 9:24 | Build | Palisade Wall |
| 9:24 | Build | Palisade Wall |
| 9:37 | Build | Palisade Wall |
| 9:46 | Build | House |
| 9:53 | Build | Archery Range |
| 9:55 | Build | House |
| 10:06 | Build | House |
| 10:29 | Queue | Villager (Male) |
| 10:29 | Queue | Villager (Male) |
| 10:32 | Queue | Archer |
| 10:33 | Queue | Archer |
| 10:39 | Build | House |
| 10:46 | Build | House |
| 10:48 | Build | House |
| 10:53 | Build | House |
| 10:57 | Build | Palisade Wall |
| 11:08 | Queue | Skirmisher |
| 11:09 | Queue | Skirmisher |
| 11:10 | Queue | Villager (Male) |
| 11:29 | Build | House |
| 11:31 | Build | House |
| 11:42 | Queue | Villager (Male) |
| 11:48 | Queue | Skirmisher |
| 11:53 | Build | Mining Camp |
| 12:12 | Queue | Villager (Male) |
| 12:22 | Build | Watch Tower |
| 12:37 | Build | Farm |
| 12:46 | Queue | Villager (Male) |
| 12:59 | Build | House |
| 13:06 | Queue | Archer |
| 13:15 | Build | House |
| 13:23 | Build | Farm |
| 13:32 | Build | House |
| 13:35 | Queue | Villager (Male) |
| 14:04 | Queue | Archer |
| 14:04 | Queue | Archer |
| 14:15 | Build | Palisade Wall |
| 14:16 | Build | Palisade Wall |
| 14:19 | Build | Palisade Wall |
| 14:21 | Build | Palisade Wall |
| 14:30 | Build | Farm |
| 14:32 | Build | Farm |
| 14:34 | Build | Farm |
| 14:45 | Queue | Skirmisher |
| 15:00 | Build | Farm |
| 15:07 | Build | Farm |
| 15:11 | Queue | Villager (Male) |
| 15:14 | Queue | Skirmisher |
| 15:14 | Queue | Skirmisher |
| 15:32 | Queue | Villager (Male) |
| 15:46 | Build | Blacksmith |
| 16:05 | Queue | Villager (Male) |
| 16:05 | Queue | Villager (Male) |
| 16:12 | Build | Farm |
| 16:18 | Build | House |
| 16:28 | Build | Farm |
| 16:35 | Build | House |
| 16:43 | Research | Fletching |
| 17:02 | Build | Farm |
| 17:06 | Queue | Archer |
| 17:06 | Queue | Archer |
| 17:06 | Queue | Archer |
| 17:12 | Build | House |
| 17:17 | Build | Farm |
| 17:29 | Queue | Villager (Male) |
| 17:43 | Build | House |
| 17:49 | Build | Palisade Wall |
| 17:50 | Queue | Villager (Male) |
| 17:55 | Queue | Skirmisher |
| 17:55 | Queue | Skirmisher |
| 17:55 | Queue | Skirmisher |
| 18:31 | Queue | Skirmisher |
| 18:33 | Research | Padded Archer Armor |
| 18:33 | Queue | Villager (Male) |
| 18:35 | Build | Farm |
| 18:37 | Build | Farm |
| 19:06 | Build | Market |
| 19:11 | Build | Farm |
| 19:21 | Queue | Villager (Male) |
| 19:21 | Queue | Villager (Male) |
| 20:01 | Queue | Villager (Male) |
| 20:35 | Build | Farm |
| 20:36 | Build | Farm |
| 20:41 | Queue | Villager (Male) |
| 20:41 | Queue | Villager (Male) |
| 20:41 | Queue | Villager (Male) |
| 20:44 | Build | Farm |
| 20:49 | Queue | Skirmisher |
| 20:49 | Queue | Skirmisher |
| 20:49 | Queue | Skirmisher |
| 21:04 | Build | Stable |
| 21:17 | Build | Farm |
| 21:19 | Build | Farm |
| 21:39 | Queue | Villager (Male) |
| 21:55 | Build | Mining Camp |
| 22:02 | Build | Palisade Wall |
| 22:03 | Build | Palisade Wall |
| 22:04 | Build | Palisade Wall |
| 22:04 | Build | Palisade Wall |
| 22:05 | Build | Palisade Wall |
| 22:05 | Build | Palisade Wall |
| 22:07 | Build | Palisade Wall |
| 22:09 | Build | Palisade Wall |
| 22:20 | Queue | Villager (Male) |
| 22:23 | Queue | Scout Cavalry |
| 22:24 | Queue | Scout Cavalry |
| 22:24 | Queue | Scout Cavalry |
| 22:24 | Queue | Scout Cavalry |
| 22:24 | Queue | Scout Cavalry |
| 22:24 | Queue | Scout Cavalry |
| 22:26 | Build | Farm |
| 22:29 | Research | Scale Barding Armor |
| 22:54 | Queue | Skirmisher |
| 22:54 | Queue | Skirmisher |
| 22:54 | Queue | Skirmisher |
| 22:55 | Queue | Skirmisher |
| 22:55 | Queue | Villager (Male) |
| 23:10 | Queue | Villager (Male) |
Match timeline
| 2:02 | Philippvs II · first_building Barracks |
| 3:01 | Philippvs II · wall_segment Palisade Wall x1 |
| 7:00 | Lukeario23 · wall_segment Palisade Wall x9 |
| 7:08 | Lukeario23 · wall_segment Palisade Wall x16 |
| 7:34 | Lukeario23 · wall_segment Palisade Wall x1 |
| 8:52 | Lukeario23 · age_up feudal |
| 9:21 | Lukeario23 · wall_segment Palisade Wall x1 |
| 9:23 | Lukeario23 · wall_segment Palisade Wall x1 |
| 9:24 | Lukeario23 · wall_segment Palisade Wall x1 |
| 9:24 | Lukeario23 · wall_segment Palisade Wall x1 |
| 9:37 | Lukeario23 · wall_segment Palisade Wall x1 |
| 9:53 | Lukeario23 · first_building Archery Range |
| 10:09 | Philippvs II · age_up feudal |
| 10:44 | Philippvs II · first_building Archery Range |
| 10:57 | Lukeario23 · wall_segment Palisade Wall x4 |
| 14:15 | Lukeario23 · wall_segment Palisade Wall x1 |
| 14:16 | Lukeario23 · wall_segment Palisade Wall x1 |
| 14:19 | Lukeario23 · wall_segment Palisade Wall x1 |
| 14:21 | Lukeario23 · wall_segment Palisade Wall x1 |
| 14:36 | Philippvs II · wall_segment Palisade Wall x1 |
| 14:38 | Philippvs II · wall_segment Palisade Wall x1 |
| 16:10 | Philippvs II · wall_segment Palisade Wall x1 |
| 16:11 | Philippvs II · wall_segment Palisade Wall x2 |
| 16:43 | Philippvs II · wall_segment Palisade Wall x1 |
| 16:45 | Philippvs II · wall_segment Palisade Wall x1 |
| 17:37 | Philippvs II · wall_segment Palisade Wall x3 |
| 17:49 | Lukeario23 · wall_segment Palisade Wall x1 |
| 21:04 | Lukeario23 · first_building Stable |
| 21:07 | Philippvs II · wall_segment Palisade Wall x1 |
| 21:08 | Philippvs II · wall_segment Palisade Wall x2 |
| 22:02 | Lukeario23 · wall_segment Palisade Wall x4 |
| 22:03 | Lukeario23 · wall_segment Palisade Wall x1 |
| 22:03 | Philippvs II · wall_segment Palisade Wall x3 |
| 22:04 | Lukeario23 · wall_segment Palisade Wall x1 |
| 22:04 | Lukeario23 · wall_segment Palisade Wall x1 |
| 22:05 | Lukeario23 · wall_segment Palisade Wall x1 |
| 22:05 | Lukeario23 · wall_segment Palisade Wall x1 |
| 22:07 | Lukeario23 · wall_segment Palisade Wall x5 |
| 22:07 | Philippvs II · wall_segment Palisade Wall x1 |
| 22:09 | Lukeario23 · wall_segment Palisade Wall x5 |
| 26:07 | Philippvs II · wall_segment Palisade Wall x8 |
| 26:35 | Lukeario23 · first_market_sell 100 wood |
| 26:35 | Lukeario23 · first_market_buy 100 food |
| 27:09 | Lukeario23 · wall_segment Palisade Wall x6 |
| 27:14 | Lukeario23 · wall_segment Palisade Wall x3 |
| 27:58 | Philippvs II · wall_segment Palisade Wall x1 |
| 28:02 | Lukeario23 · wall_segment Palisade Wall x9 |
| 28:09 | Lukeario23 · wall_segment Palisade Wall x1 |
| 28:22 | Philippvs II · wall_segment Stone Wall x1 |
| 28:29 | Philippvs II · wall_segment Palisade Wall x1 |
| 28:46 | Lukeario23 · wall_segment Palisade Wall x1 |
| 29:33 | Lukeario23 · age_up castle |
| 30:11 | Philippvs II · wall_segment Stone Wall x1 |
| 30:16 | Philippvs II · wall_segment Stone Wall x1 |
| 30:22 | Lukeario23 · first_building Siege Workshop |
| 31:25 | Philippvs II · wall_segment Palisade Wall x4 |
| 31:28 | Philippvs II · wall_segment Palisade Wall x3 |
| 32:37 | Philippvs II · wall_segment Palisade Wall x4 |
| 33:10 | Philippvs II · wall_segment Stone Wall x1 |
| 33:28 | Philippvs II · wall_segment Palisade Wall x1 |
| 33:28 | Philippvs II · wall_segment Palisade Wall x1 |
| 35:27 | Philippvs II · age_up castle |
| 36:21 | Philippvs II · first_building Castle |
| 37:15 | Philippvs II · first_building Monastery |
| 39:41 | Philippvs II · first_building Siege Workshop |
| 42:32 | Lukeario23 · first_building Castle |
| 48:50 | Lukeario23 · age_up imperial |
| 49:28 | Philippvs II · resign |
[ AI ANALYSIS · 1 CREDIT ]
What really happened in this match?
Wolo.gg analyzes every decision: build order, eco, micro, common mistakes by bracket. Personalized analysis on WhatsApp or Discord in 30 seconds.
Civ guide
Aztecs
Perfil
Jugador #5601832